 Dungeon Crawl Stone Soup version 0.17.0-18-gaab0e96 (console) character file.

230 gw the Covered (level 6, -6/38 HPs)
             Began as a Gargoyle Fighter on Nov 11, 2015.
             Was an Initiate of Okawaru.
             Killed by divine providence
             ... invoked by an orc priest
              (14 damage)
             ... on level 3 of the Dungeon.
             The game lasted 00:04:11 (3481 turns).

gw the Covered (Gargoyle Fighter)                   Turns: 3481, Time: 00:04:11

Health: -6/38      AC: 17    Str: 25    XL:     6   Next: 3%
Magic:  6/6        EV:  4    Int:  8    God:    Okawaru [......]
Gold:   187        SH: 10    Dex: 11    Spells: 0 memorised, 5 levels left

rFire  . . .     SeeInvis .     a - +0 flail
rCold  . . .     Clarity  .     g - +0 plate armour
rNeg   + . .     SustAt   .     c - +0 shield
rPois  ∞         Gourm    .     (no helmet)
rElec  +         Spirit   .     (no cloak)
rCorr  .         Warding  .     h - +0 pair of gloves
rMut   .         Stasis   .     (no boots)
MR     .....                    (no amulet)
Stlth  ..........               (no ring)
                                (no ring)

@: mighty, not resistant to hostile enchantments, extremely unstealthy
A: negative energy resistance 1, electricity resistance, unbreathing,
petrification resistance, rot immunity, AC +4
a: Renounce Religion


You were on level 3 of the Dungeon.
You worshipped Okawaru.
Okawaru was noncommittal.
You were hungry.

You visited 1 branch of the dungeon, and saw 3 of its levels.

You collected 187 gold pieces.

Inventory:

Hand Weapons
 a - a +0 flail (weapon)
Missiles
 b - 26 poisoned needles
 f - 65 stones (quivered)
Armour
 c - a +0 shield (worn)
 g - a +0 plate armour (worn)
 h - a +0 pair of gloves (worn)
Comestibles
 e - 4 bread rations


   Skills:
 + Level 4.0 Fighting
 * Level 3.3 Maces & Flails
 + Level 2.0 Throwing
 + Level 4.4 Armour
 + Level 4.2 Shields
 + Level 1.0 Invocations


You had 5 spell levels left.
You didn't know any spells.

Dungeon Overview and Level Annotations

Branches:
Dungeon (3/15)

Altars:
Gozag
Okawaru


Innate Abilities, Weirdness & Mutations

You are resistant to torment.
Your stone body is resilient (AC +4).
You are immune to poison.
You resist negative energy.
You are resistant to electric shocks.
You can survive without breathing.
You are immune to petrification.
You are immune to rotting.


Message History

Unknown command.
Unknown command.
Unknown command.
ATTACK MOVE TO (0,1)
You thump the orc!
You kill the orc!
Okawaru accepts your kill. You block the orc priest's attack.
You block the orc's attack.
The orc priest hits you but does no damage.
Unknown command.
Unknown command.
Unknown command.
Unknown command.
ATTACK MOVE TO (1,0)
Your shield and plate armour prevent you from hitting the orc priest.
The orc priest is severely wounded.
You block the orc's attack.
The orc priest mumbles some strange prayers to Beogh against you.
Something smites you!
You die...

##### ####
#9o.######..o.
#.o........#
#..........#
#..........#
#...?......#
###........#
#........#
#....)...####
#........').#


You could see an orc priest and an orc.

Table legend:
 A = Turns spent in this place as a percentage of turns spent in the entire game.
 B = Non-inter-level travel turns spent in this place as a percentage of non-inter-level travel turns spent in the entire game.
 C = Inter-level travel turns spent in this place as a percentage of turns spent in this place.
 D = Turns resting spent in this place as a percentage of non-inter-level travel turns spent in this place.
 E = Turns spent auto-exploring this place as a percentage of non-inter-level travel turns spent in this place.
 F = Non-inter-level travel turns spent in this place divided by the number of levels of this place that you've seen.
                   A       B       C       D       E      F
               +-------+-------+-------+-------+-------+----------------------
         Total | 100.0 | 100.0 |   0.5 |   0.6 |   2.4 | 2034.3
       Dungeon | 100.0 | 100.0 |   0.5 |   0.6 |   2.4 | 2034.3
               +-------+-------+-------+-------+-------+----------------------

Table legend:
 A = Kills in this place as a percentage of kills in entire the game.
 B = Kills by you in this place as a percentage of kills by you in the entire game.
 C = Kills by friends in this place as a percentage of kills by friends in the entire game.
 D = Other kills in this place as a percentage of other kills in the entire game.
 E = Experience gained in this place as a percentage of experience gained in the entire game.
 F = Experience gained in this place divided by the number of levels of this place that you have seen.
                   A       B       C       D       E      F
               +-------+-------+-------+-------+-------+----------------------
         Total | 100.0 | 100.0 |  -nan |  -nan | 100.0 | 109.7
       Dungeon | 100.0 | 100.0 |  -nan |  -nan | 100.0 | 109.7
               +-------+-------+-------+-------+-------+----------------------

Vanquished Creatures
  Ijyb (D:2)
  2 orc wizards (D:3)
  4 adders
  2 oozes
  4 worms
  5 orcs (D:3)
  5 giant cockroaches
  13 goblins
  8 hobgoblins
  A quokka (D:2)
  13 bats
  2 giant geckos
  3 giant newts
  11 kobolds
  8 rats
82 creatures vanquished.

Notes
Turn   | Place    | Note
--------------------------------------------------------------
     0 | D:1      | gw the Gargoyle Fighter began the quest for the Orb.
     0 | D:1      | Reached XP level 1. HP: 14/14 MP: 1/1
   174 | D:1      | Reached XP level 2. HP: 14/19 MP: 2/2
   821 | D:1      | Reached XP level 3. HP: 23/23 MP: 3/3
  1276 | D:2      | Reached skill level 1 in Throwing
  1430 | D:2      | Noticed Ijyb
  1450 | D:2      | Killed Ijyb
  1450 | D:2      | Reached XP level 4. HP: 28/28 MP: 4/4
  1552 | D:2      | Reached skill level 4 in Shields
  2113 | D:2      | Reached XP level 5. HP: 33/33 MP: 5/5
  2611 | D:3      | Found an iron altar of Okawaru.
  2619 | D:3      | Became a worshipper of Warmaster Okawaru
  2647 | D:3      | Found an opulent altar of Gozag.
  3111 | D:3      | Reached skill level 1 in Invocations
  3419 | D:3      | Reached XP level 6. HP: 35/38 MP: 6/6
  3481 | D:3      | Killed from afar by an orc priest

Action                   |  1- 3 |  4- 6 || total
-------------------------+-------+-------++-------
Melee: Flail             |   140 |   179 ||   319
Throw: Stone             |    92 |   142 ||   234
  Use: Potion            |       |     2 ||     2
  Eat: Chunk             |     2 |     6 ||     8

Vault maps used:
D:1:      shiori_arrival_elements, supply_closet_lemuel
D:2:      minmay_ruptured, uniq_iyjb
D:3:      nicolae_overflow_crystal_walls, okawaru_metal_pillars_1_2
